 Seeded DCSS version 0.29.1-1-gd02db6906a (webtiles) character file.

Game seed: 7530111534615635726 (custom seed)

77 bwicke the Chopper (level 4, -6/36 (37) HPs)
             Began as a Palentonga Fighter on Sept 19, 2022.
             Mangled by Crazy Yiuf
             ... wielding a +3 quarterstaff of chaos
              (10 damage)
             ... on level 2 of the Dungeon.
             The game lasted 00:04:35 (1543 turns).

bwicke the Chopper (Palentonga Fighter)             Turns: 1543, Time: 00:04:37

HP:   -6/36 (37)    AC:  6    Str: 23    XL:     4   Next: 13%
MP:   13/13         EV:  9    Int:  9    God:
Gold: 105           SH:  5    Dex:  9    Spells: 3/3 levels left

rFire   . . .      SeeInvis +   a - +0 war axe
rCold   . . .      Faith    .   c - +1 buckler
rNeg    + . .      Spirit   .   n - +2 robe of Cairhupn {*Slow rElec MP+9 Stlth+}
rPois   .          Reflect  .   (no helmet)
rElec   +          Harm     .   (no cloak)
rCorr   .          Rampage  .   (no gloves)
Will    .....                   (no barding)
Stlth   +++.......              l - amulet of magic regeneration
HPRegen 0.12/turn               i - ring of positive energy
MPRegen 0.53/turn               (no ring)

@: lightly drained
A: large, rugged brown scales 3, see invisible, deformed body, roll 1, armoured
tail, hooves 1, camouflage 1
a: Rolling Charge


You were on level 2 of the Dungeon.
You visited 1 branch of the dungeon, and saw 2 of its levels.

You collected 105 gold pieces.

Inventory:

Hand Weapons
 a - a +0 war axe (weapon)
 j - a +0 sling
Armour
 b - a +0 scale mail
 c - a +1 buckler (worn)
 m - a scarf of harm
 n - the +2 robe of Cairhupn (worn) {*Slow rElec MP+9 Stlth+}
   (You found it on level 2 of the Dungeon)

   rElec:     It insulates you from electricity.
   MP:        It affects your magic capacity (+9).
   *Slow:     It may slow you when you take damage.
   Stlth:     It makes you more stealthy.
Jewellery
 i - a ring of positive energy (left hand)
 l - an amulet of magic regeneration (around neck)
Scrolls
 g - a scroll of identify {unknown}
 h - a scroll of magic mapping {unknown}


   Skills:
 - Level 3.2 Fighting
 + Level 3.8 Axes
 - Level 2.6 Armour
 - Level 2.9 Shields


You had 3 spell levels left.
You didn't know any spells.
Your spell library contained the following spells:

 Spells                   Type           Power      Damage    Failure   Level
 Ensorcelled Hibernation  Hex/Ice        0%         N/A       58%         2
 Spider Form              Tmut/Pois      0%         N/A       83%         3
 Anguish                  Hex/Necr       0%         N/A       99%         4


Dungeon Overview and Level Annotations

Branches:
Dungeon (2/15)

Altars:

Annotations:
D:2 Crazy Yiuf, Jessica, Robin, Sigmund


Innate Abilities, Weirdness & Mutations

You are completely covered in rugged brown scales. (AC +3, +7% HP)
You have supernaturally acute eyesight. (SInv)
Armour fits poorly on your strangely shaped body.
You can roll at nearby foes to attack.
You have a long armoured tail.
You have large cloven feet.
Your skin changes colour to match your surroundings (Stealth+).


Message History

Unknown command.
As you read the scroll labelled WADDOZA NAIQOG, it crumbles to dust.
It is a scroll of enchant armour.
Your +0 buckler glows green for a moment.
Your surroundings suddenly seem different.
There is a stone staircase leading down here.
You start resting.
You feel a little less mighty now.
You start resting.
HP restored.
Found a stone staircase leading down.
There is a stone staircase leading down here.
Found a runed translucent door.
As you open the door, it creaks loudly!
Roll where?
Press: ? - help, Q - select action Dir - move target, f - Crazy Yiuf
Aim: Crazy Yiuf, wielding a +3 quarterstaff of chaos and wearing a +2 cloak You roll forward with a clatter of scales!
You slash Crazy Yiuf!
Crazy Yiuf is heavily wounded.
Crazy Yiuf misses you.
Crazy Yiuf hits you with a +3 quarterstaff of chaos.
Crazy Yiuf burns you.
You barely miss Crazy Yiuf.
Crazy Yiuf is heavily wounded.
Crazy Yiuf hits you with a +3 quarterstaff of chaos!
Crazy Yiuf burns you.
You barely miss Crazy Yiuf. You kick Crazy Yiuf.
Crazy Yiuf is severely wounded.
Crazy Yiuf hits you with a +3 quarterstaff of chaos!
* * * LOW HITPOINT WARNING * * *
You partially resist.
You feel drained.
* * * LOW HITPOINT WARNING * * *
You hit Crazy Yiuf but do no damage.
Crazy Yiuf is severely wounded.
Crazy Yiuf hits you with a +3 quarterstaff of chaos.
* * * LOW HITPOINT WARNING * * *
You blink.
Crazy Yiuf hits you with a +3 quarterstaff of chaos!
You die...

##.##
#.#...#.###
#.## #.#
###.# #
##.# #.. ..
# #.## #
##°# .
##'## #
#.§.# ..
#.g.# ##
#@.)# #####


You could see Crazy Yiuf.

Vanquished Creatures
  A gnoll (D:1)
  2 adders (D:2)
  A worm (D:2)
  A dart slug (D:1)
  3 endoplasms
  A giant cockroach (D:2)
  11 goblins
  7 hobgoblins
  4 ball pythons
  5 bats
  2 frilled lizards
  2 kobolds (D:1)
  4 rats
44 creatures vanquished.

Notes
Turn   | Place    | Note
-------+----------+-------------------------------------------
     0 | D:1      | bwicke the Palentonga Fighter began the quest for the Orb.
     0 | D:1      | Reached XP level 1. HP: 19/19 MP: 1/1
   132 | D:1      | Reached XP level 2. HP: 21/25 MP: 2/2
   742 | D:1      | Reached XP level 3. HP: 29/31 MP: 3/3
  1004 | D:2      | Identified the +2 robe of Cairhupn {*Slow rElec MP+9
                  | Stlth+}
  1142 | D:2      | Noticed Robin
  1144 | D:2      | Noticed Sigmund
  1145 | D:2      | Noticed Jessica
  1147 | D:2      | Reached XP level 4. HP: 15/37 MP: 4/4
  1152 | D:2      | Gained mutation: You have large cloven feet. [potion of
                  | mutation]
  1152 | D:2      | Gained mutation: You possess an exceptional clarity of
                  | mind. [potion of mutation]
  1152 | D:2      | Lost mutation: You possess an exceptional clarity of mind.
                  | [potion of mutation]
  1152 | D:2      | Gained mutation: Your skin changes colour to match your
                  | surroundings (Stealth+). [potion of mutation]
  1152 | D:2      | HP: 1/37 [Sigmund/+0 scythe (2)]
  1535 | D:2      | Found a runed translucent door.
  1536 | D:2      | Noticed Crazy Yiuf
  1543 | D:2      | Mangled by Crazy Yiuf

Illustrated notes

Levels and vault maps discovered:
D:1:      minmay_arrival_semitransparent, layout_basic
D:2:      layout_basic, minmay_misc_feat_cross, grunt_decor_resistance,
          uniq_jessica, uniq_sigmund, uniq_robin, uniq_crazy_yiuf_cottage

Skill      XL: |  1  2  3 |
---------------+----------+-----
Axes           | 3 |  3.8
Fighting       | |  3.2
Armour         | |  2.6
Shields        | |  2.9

Action                   |  1- 3 |  4- 6 || total
-------------------------+-------+-------++-------
Melee: War axe           |    78 |     8 ||    86
       Tailslap          |     2 |       ||     2
       Kick              |       |     1 ||     1
 Abil: Rolling Charge    |    26 |     1 ||    27
  Use: Potion            |     1 |     1 ||     2
       Scroll            |       |     2 ||     2
Armor: Scale mail        |    27 |       ||    27
       Robe              |    14 |     8 ||    22
Dodge: Dodged            |    27 |    18 ||    45
Block: Buckler           |    19 |     4 ||    23
